 Dungeon Crawl Stone Soup version 0.22-a0-248-gc8378ba (console) character file.

4053 yesno the Zephyrmancer (level 10, -3/60 HPs)
             Began as a Tengu Air Elementalist on Mar 1, 2018.
             Was a Priest of Vehumet.
             Slain by an orc warrior
             ... wielding a +0 mace
              (8 damage)
             ... on level 9 of the Dungeon.
             The game lasted 00:36:16 (12564 turns).

yesno the Zephyrmancer (Tengu Air Elementalist)    Turns: 12564, Time: 00:36:17

Health: -3/60      AC:  2    Str:  9    XL:     10   Next: 24%
Magic:  17/22      EV: 23    Int: 19    God:    Vehumet [***...]
Gold:   172        SH:  0    Dex: 22    Spells: 7/24 levels left

rFire    . . .     SeeInvis .   a - +3 spear (venom)
rCold    . . .     Gourm    .   (no shield)
rNeg     . . .     Faith    .   j - +0 robe
rPois    .         Spirit   .   (helmet restricted)
rElec    .         Reflect  .   v - scarf {repulsion}
rCorr    .         Harm     .   (no gloves)
MR       .....                  (boots unavailable)
Stlth    ++++......             (no amulet)
HPRegen  0.20/turn              D - +3 ring of dexterity
MPRegen  0.18/turn              E - ring of stealth

@: agile, repel missiles
A: beak, talons 3, able to fly 1
a: Fly, Renounce Religion


You were on level 9 of the Dungeon.
You worshipped Vehumet.
Vehumet was most pleased with you.
You were not hungry.

You visited 1 branch of the dungeon, and saw 9 of its levels.

You collected 360 gold pieces.
You spent 188 gold pieces at shops.

Inventory:

Hand Weapons
 a - a +3 spear of venom (weapon)
 d - a +0 whip
 q - a +0 dagger
 C - a +1 dagger of venom
Armour
 j - a +0 robe (worn)
 t - the +2 robe of Cowardice {rC- Str+2 Int+5 Stlth+}
   (You found it on level 7 of the Dungeon)

   It affects your strength (+2).
   It affects your intelligence (+5).
   It makes you vulnerable to cold.
   It makes you more stealthy.
 u - a +0 ring mail of cold resistance
 v - a scarf of repulsion (worn)
Jewellery
 D - a +3 ring of dexterity (left hand)
 E - a ring of stealth (right hand)
 L - a cursed +4 ring of strength
Wands
 m - a wand of flame (26)
 w - a wand of digging (4)
 A - a wand of iceblast (6)
 F - a wand of random effects (25)
Scrolls
 f - 2 scrolls of magic mapping
 h - a scroll of blinking
 k - a scroll of random uselessness
 r - a scroll of enchant weapon {unknown}
 s - 2 scrolls of fog
 x - a scroll of noise {unknown}
 y - a scroll of brand weapon {unknown}
 G - 2 scrolls of amnesia {unknown}
 H - 3 scrolls of teleportation
 J - 2 scrolls of remove curse
 K - a scroll of fear
Potions
 c - a potion of cancellation
 e - 2 potions of agility
 g - a potion of might
 i - a potion of mutation
 l - 2 potions of lignification
 n - 3 potions of curing
 o - a potion of haste
 z - 2 potions of berserk rage
 B - a potion of resistance {unknown}
 I - a potion of flight {unknown}
Comestibles
 b - 9 rations
 M - 6 chunks of flesh


   Skills:
 + Level 5.6 Fighting
 + Level 6.8 Dodging
 - Level 2.0 Stealth
 * Level 7.9 Spellcasting
 - Level 3.0 Conjurations
 * Level 11.3 Air Magic


You had 7 spell levels left.
You knew the following spells:

 Your Spells              Type           Power        Failure   Level  Hunger
a - Shock                 Conj/Air       ####         1%          1    None
b - Swiftness             Chrm/Air       ####....     1%          2    None
c - Static Discharge      Conj/Air       ####....     1%          3    None
d - Airstrike             Air            ######....   1%          4    ###....
e - Lightning Bolt        Conj/Air       ####......   3%          5    #####..
f - Blink                 Tloc           N/A          14%         2    None


Dungeon Overview and Level Annotations

Branches:
Dungeon (9/15)             Temple (0/1) D:4
   Lair: D:8-11         Orc: D:9-12

Altars:
Ashenzari
Dithmenos
Fedhas
Makhleb
Nemelex Xobeh
Okawaru
Qazlal
Sif Muna
Vehumet
Yredelemnul
The Shining One
Jiyva

Shops:
D:7 ?

Annotations:
D:3 Alex's ghost, weakling MiFi
D:8 Psyche


Innate Abilities, Weirdness & Mutations

You have a beak for a mouth.
You have claws for feet.
You can fly.


Message History

Evoke which item? (* to show all) (? for menu, Esc to quit)
Okay, then.
You feel agile all of a sudden. Something closely misses you.
The orc warrior hits you with a mace!
* * * LOW HITPOINT WARNING * * *
You take 12 damage, and have 7/60 hp.
Unknown command.
Something hits you.
* * * LOW HITPOINT WARNING * * *
Something closely misses you.
You take 6 damage, and have 1/60 hp.
You feel better. Something hits you.
* * * LOW HITPOINT WARNING * * *
You regained 7 hp, and now have 8/60 hp.
Something completely misses you.
There is a stone staircase leading up here.
You feel better. Something closely misses you. Something hits you!
* * * LOW HITPOINT WARNING * * *
The orc warrior hits you with a mace!
You die...

▒·▒▒·▒ ▒·▒·····■ ▒·▒▒·▒
▒·▒·····▒·····
▒▒▒·▒▒▒▒·▒·····▒·····
···············▒····
···················
············▒·▒▒·▒▒▒▒
·····················
·······▒·▒▒·▒o···▒▒▒▒▒▒▒
···▒▒▒·▒·▒··@{o·········
··· ▒·▒·▒··▒▒▒▒·▒▒▒▒▒▒
·· ▒·▒·▒··▒···▒·······
▒··▒··φ·σ······
▒··▒▒▒o▒$▒▒▒▒·· ▒···
··▒·▒ ▒▒·· ····· ▒▒
▒▒▒▒·▒▒ ··


You could see an orc warrior and an orc wizard.

Vanquished Creatures
  A two-headed ogre (D:8)
  The ghost of grandjackal the Sneak, an amateur TeAs (D:4)
  A wyvern (D:8)
  Duvessa (D:4)
  2 orc warriors (D:6)
  3 ogres
  3 phantoms
  A bullfrog (D:9)
  6 gnoll sergeants (D:6)
  3 scorpions
  Dowan (D:4)
  3 wights (D:8)
  A centaur zombie (D:6)
  11 hounds
  3 jellies (D:7)
  2 orc priests
  3 gnoll shamans (D:6)
  A bullfrog skeleton (D:6)
  2 iguanas
  8 orc wizards
  Natasha (thrice) (D:3)
  A worker ant (D:4)
  2 hound skeletons (D:4)
  23 gnolls
  9 adders
  A shadow imp (D:5)
  An ooze (D:5)
  An adder skeleton (D:4)
  2 adder zombies
  5 worms
  3 dart slugs
  6 leopard geckos
  29 orcs
  10 giant cockroaches
  8 goblins
  5 hobgoblins
  26 jackals
  9 kobolds
  6 quokkas
  3 ball pythons
  6 bats
  7 frilled lizards
  A jackal skeleton (D:4)
  A jackal zombie (D:5)
  A quokka skeleton (D:6)
  7 rats
233 creatures vanquished.

Notes
Turn   | Place    | Note
-------+----------+-------------------------------------------
     0 | D:1      | yesno the Tengu Air Elementalist began the quest for the Orb.
     0 | D:1      | Reached XP level 1. HP: 10/10 MP: 4/4
   117 | D:1      | Reached XP level 2. HP: 16/16 MP: 0/6
   121 | D:1      | Learned a level 2 spell: Swiftness
   325 | D:1      | Found a glowing golden altar of the Shining One.
   669 | D:1      | Reached XP level 3. HP: 20/20 MP: 0/7
  1268 | D:2      | HP: 1/20 [hound (5)]
  1272 | D:2      | Reached skill level 1 in Fighting
  1272 | D:2      | Reached XP level 4. HP: 3/25 MP: 0/9
  1655 | D:2      | Found a burning altar of Makhleb.
  1877 | D:2      | Learned a level 3 spell: Static Discharge
  1900 | D:2      | Reached skill level 5 in Air Magic
  2696 | D:3      | Gained mutation: You can fly. [Tengu growth]
  2696 | D:3      | Reached XP level 5. HP: 29/29 MP: 6/10
  2829 | D:3      | Noticed Alex's ghost (weakling MiFi)
  2950 | D:3      | Learned a level 4 spell: Airstrike
  3096 | D:3      | Found a radiant altar of Vehumet.
  3104 | D:3      | Became a worshipper of Vehumet
  3228 | D:3      | Noticed Natasha
  3242 | D:3      | Killed Natasha
  3443 | D:3      | Reached XP level 6. HP: 35/35 MP: 4/12
  3465 | D:3      | Reached skill level 6 in Air Magic
  3761 | D:3      | Noticed Natasha
  3764 | D:3      | Killed Natasha
  3779 | D:3      | Noticed Natasha
  3894 | D:3      | Killed Natasha
  4127 | D:4      | Found a staircase to the Ecumenical Temple.
  4397 | D:4      | Reached * piety under Vehumet
  4397 | D:4      | Offered knowledge of Flame Tongue by Vehumet.
  4562 | D:4      | Noticed grandjackal's ghost (amateur TeAs)
  4587 | D:4      | Killed grandjackal's ghost
  4587 | D:4      | Reached XP level 7. HP: 40/40 MP: 1/14
  4919 | D:4      | Found an iron altar of Okawaru.
  5096 | D:4      | Reached skill level 7 in Air Magic
  5124 | D:4      | Noticed Dowan
  5161 | D:4      | Killed Dowan
  5282 | D:4      | Noticed Duvessa
  5315 | D:4      | Killed Duvessa
  5951 | D:5      | Entered Level 5 of the Dungeon
  5980 | D:5      | Reached skill level 5 in Spellcasting
  6323 | D:5      | Found a shattered altar of Ashenzari.
  6366 | D:5      | Reached XP level 8. HP: 46/46 MP: 5/16
  6373 | D:5      | Learned a level 5 spell: Lightning Bolt
  6598 | D:5      | Reached skill level 8 in Air Magic
  6670 | D:5      | Offered knowledge of Searing Ray by Vehumet.
  6673 | D:5      | Reached ** piety under Vehumet
  6797 | D:5      | Found a blossoming altar of Fedhas.
  6797 | D:5      | Found a stormy altar of Qazlal.
  6802 | D:5      | Found a shadowy altar of Dithmenos.
  6804 | D:5      | Found a sparkling altar of Nemelex Xobeh.
  6805 | D:5      | Found a basalt altar of Yredelemnul.
  6807 | D:5      | Got a spiked cloak
  6818 | D:5      | Identified the cursed +0 cloak of Cheibriados's Regard {rPois SInv} (You found it on level 5 of the Dungeon)
  7532 | D:6      | Reached skill level 5 in Dodging
  7785 | D:6      | Reached skill level 9 in Air Magic
  7943 | D:6      | Reached XP level 9. HP: 46/52 MP: 8/19
  8063 | D:6      | Offered knowledge of Throw Frost by Vehumet.
  8432 | D:6      | Reached *** piety under Vehumet
  9514 | D:6      | Offered knowledge of Olgreb's Toxic Radiance by Vehumet.
  9521 | D:6      | Reached skill level 10 in Air Magic
 10522 | D:7      | Got a bloodstained robe
 10537 | D:7      | Found Loisuso's Magic Scroll Emporium.
 10545 | D:7      | Bought a scroll of identify for 26 gold pieces
 10545 | D:7      | Bought a scroll of remove curse for 39 gold pieces
 10545 | D:7      | Bought a scroll of fear for 45 gold pieces
 10545 | D:7      | Bought a scroll of teleportation for 39 gold pieces
 10545 | D:7      | Bought a scroll of teleportation for 39 gold pieces
 10545 | D:7      | Identified the +2 robe of Cowardice {rC- Str+2 Int+5 Stlth+} (You found it on level 7 of the Dungeon)
 10974 | D:7      | Learned a level 2 spell: Blink
 11411 | D:8      | Found a viscous altar of Jiyva.
 11586 | D:8      | Reached skill level 5 in Fighting
 11747 | D:8      | Got a dazzling leather armour
 11758 | D:8      | Found a deep blue altar of Sif Muna.
 11759 | D:8      | Noticed Psyche
 12047 | D:8      | Reached XP level 10. HP: 51/59 MP: 11/22
 12054 | D:8      | Identified the cursed +1 leather armour of Fesaack {rPois} (You found it on level 8 of the Dungeon)
 12103 | D:8      | Noticed a two-headed ogre
 12112 | D:8      | Killed a two-headed ogre
 12112 | D:8      | Reached skill level 11 in Air Magic
 12561 | D:9      | HP: 1/60 [something (6)]
 12564 | D:9      | Slain by an orc warrior

Vault maps used:
D:1:      minmay_arrival_stair_chambers, serial_forest,
          infiniplex_forest_lined_2, infiniplex_forest_corner_1,
          infiniplex_forest_end_1, infiniplex_forest_lined_2,
          infiniplex_forest_straight_3, infiniplex_forest_clump_long,
          infiniplex_forest_lined_2, infiniplex_forest_clump_tiny,
          infiniplex_forest_clump_diagonal, tso_metal_star
D:2:      first_ration, hangedman_glass_teeth, serial_bayou_pond_c,
          makhleb_blood_cavern_becter
D:3:      lemuel_round_altar, uniq_natasha
D:4:      marbit_many_paths, minmay_temple_entry_statues_fountains,
          portal_sewer_entry_d, minmay_misc_feat_room, uniq_duvessa
D:5:      chequers_temple_overflow_minitemple, evilmike_ruin_ashenzari
D:6:      serial_gnoll_camp, gnoll_camp_huts_basic, gnoll_camp_mini_basic,
          gnoll_camp_mini_basic, gnoll_camp_medium_01, gnoll_camp_mini_doghouse,
          gnoll_camp_mini_hut
D:7:      serial_shops, nicolae_shop_statue_plus, hex_tiny
D:8:      led_sif_pool, jiyva_altar_1, uniq_psyche
D:9:      basic_altar, serial_shops, shop, uniq_erolcha, uniq_gastronok

Skill      XL: |  1  2  3  4  5  6  7  8  9 10 |
---------------+-------------------------------+-----
Fighting       | 1 2 3 4 5 |  5.6
Air Magic      | 5 6 7 9 10 11 | 11.3
Dodging        | 3 4 5 6 |  6.8
Spellcasting   | 3 4 5 6 7 |  7.9
Conjurations   | 3 |  3.0
Stealth        | |  2.0

Action                   |  1- 3 |  4- 6 |  7- 9 | 10-12 || total
-------------------------+-------+-------+-------+-------++-------
Melee: Unarmed           |     4 |     5 |    18 |       ||    27
       Kick              |     6 |    13 |    26 |     5 ||    50
       Whip              |    16 |     6 |       |       ||    22
       Peck              |     2 |     2 |     8 |     4 ||    16
       Dagger            |       |    54 |    40 |       ||    94
       Spear             |       |       |    78 |    16 ||    94
 Cast: Shock             |    47 |   109 |    56 |     1 ||   213
       Airstrike         |       |    16 |   128 |    10 ||   154
       Static Discharge  |       |     5 |     4 |     4 ||    13
       Swiftness         |       |     3 |     2 |       ||     5
 Abil: Fly               |       |       |     1 |       ||     1
Evoke: Wand              |       |       |     3 |       ||     3
  Use: Potion            |     1 |     1 |     1 |     4 ||     7
       Scroll            |       |     5 |    10 |     1 ||    16
 Stab: Sleeping          |     2 |     2 |     4 |       ||     8
  Eat: Chunk             |     2 |    11 |    26 |     3 ||    42
       Ration            |       |     1 |     4 |       ||     5
Armor: Robe              |     4 |     4 |     8 |     2 ||    18
       Skin              |       |     7 |    13 |       ||    20
Dodge: Dodged            |    29 |    47 |    98 |    19 ||   193

Table legend:
 A = Spawn XP
 B = Non-spawn XP
 C = Spawn XP percentage of total XP
 D = Spawn monster count
 E = Non-spawn monster count
 F = Spawn count percentage of total count
 G = Total turns spent on level
                    A         B        C        D         E        F      G
               +---------+---------+-------+---------+---------+-------+---------
         Total |       0 |    5791 |   0.0 |       0 |     233 |   0.0 | 12564
               +---------+---------+-------+---------+---------+-------+---------
           D:1 |       0 |      51 |   0.0 |       0 |      28 |   0.0 |  1594
           D:2 |       0 |     111 |   0.0 |       0 |      25 |   0.0 |  1196
           D:3 |       0 |     313 |   0.0 |       0 |      35 |   0.0 |  1329
           D:4 |       0 |     675 |   0.0 |       0 |      21 |   0.0 |  1832
           D:5 |       0 |     308 |   0.0 |       0 |      18 |   0.0 |  1291
           D:6 |       0 |    2311 |   0.0 |       0 |      73 |   0.0 |  3026
           D:7 |       0 |     332 |   0.0 |       0 |      14 |   0.0 |  1649
           D:8 |       0 |    1597 |   0.0 |       0 |      18 |   0.0 |   565
           D:9 |       0 |      93 |   0.0 |       0 |       1 |   0.0 |    82
               +---------+---------+-------+---------+---------+-------+---------
